 Dungeon Crawl Stone Soup version 0.28-a0-1236-gb25a51b929 (webtiles) character file.

Game seed: 3550723757874256962

376 torgal the Conjurer (level 7, 0/69 HPs)
             Began as a Human Conjurer on Dec 25, 2021.
             Was an Initiate of Gozag.
             Shot with an arrow by a centaur (2 damage)
             ... on level 5 of the Dungeon.
             The game lasted 00:19:48 (5126 turns).

torgal the Conjurer (Human Conjurer)                Turns: 5126, Time: 00:19:48

Health: 0/69       AC: 23    Str:  5 (7)  XL:     7   Next: 3%
Magic:  1/12       EV:  2    Int: 17 (20) God:    Gozag
Gold:   338        SH:  0    Dex: 11 (12) Spells: 6/12 levels left

rFire   . . .      SeeInvis .   e - +4 dagger
rCold   . . .      Faith    .   (no shield)
rNeg    . . .      Spirit   .   (armour currently unavailable)
rPois   +          Reflect  .   (helmet currently unavailable)
rElec   .          Harm     .   (cloak currently unavailable)
rCorr   .          Rampage  .   (gloves currently unavailable)
Will    .....      NoTele   +   (boots currently unavailable)
Stlth   ++........              (no amulet)
HPRegen 0.21/turn               o - ring of poison resistance
MPRegen 0.13/turn               (no ring)

@: tree-form, gold aura, hasted, very quick
A: stationary, stasis, torment immunity, boosted hp
a: Renounce Religion, Potion Petition, Call Merchant, Bribe Branch


You were on level 5 of the Dungeon.
You worshipped Gozag.
Gozag was aware of your devotion.
You were a tree.
You visited 1 branch of the dungeon, and saw 5 of its levels.

You collected 660 gold pieces.
You paid 322 gold pieces to Gozag.

Inventory:

Hand Weapons
 b - a +0 dagger
 e - a +4 dagger (weapon)
 k - a +0 hunting sling
 q - a +3 whip of flaming
Missiles
 c - 61 stones
 m - 8 poisoned darts
Armour
 a - a +0 robe (melded)
 f - a +2 pair of gloves (melded)
Magical Staves
 d - a staff of earth
Jewellery
 o - a ring of poison resistance (left branch)
Scrolls
 g - a scroll of identify
 i - 2 scrolls of vulnerability


   Skills:
 + Level 2.1 Short Blades
 + Level 3.6 Dodging
 + Level 3.8 Stealth
 + Level 3.3 Spellcasting
 + Level 5.0 Conjurations


You had 6 spell levels left.
You knew the following spells:

 Your Spells              Type           Power      Damage    Failure   Level
a - Magic Dart            Conj           80%        1d7       2%          1
b - Searing Ray           Conj           40%        2d5       3%          2
c - Dazzling Flash        Conj/Hex       22%        N/A       19%         3

Your spell library contained the following spells:

 Spells                   Type           Power      Damage    Failure   Level
 Summon Small Mammal      Summ           8%         N/A       17%         1
 Call Canine Familiar     Summ           2%         N/A       45%         3
 Summon Guardian Golem    Hex/Summ       2%         N/A       45%         3
 Fulminant Prism          Conj/Hex       5%         3d7       52%         4
 Iskenderun's Mystic Bla  Conj/Tloc      11%        2d4       52%         4


Dungeon Overview and Level Annotations

Branches:
Dungeon (5/15)             Temple (0/1) D:4

Altars:
Gozag


Message History

You feel weakened.
You feel dopey.
You feel clumsy. The gnoll hits you but does no damage.
As you read the scroll labelled VOWNOM MOILO, it crumbles to dust.
You hear a loud clanging noise!
It was a scroll of noise.
A centaur zombie comes into view.
You cannot move.
You feel better.
A centaur comes into view.
The gnoll is distracted by your dazzling golden aura.
You barely miss the gnoll.
The gnoll is no longer distracted by gold.
The gnoll is almost dead.
The centaur wields a +0 shortbow.
The centaur shoots an arrow.
The arrow hits you but does no damage. The gnoll hits you but does no damage.
Space warps horribly around you!
* * * LOW HITPOINT WARNING * * *
Casting: Searing Ray (safe; 3% risk of failure)
Confirm with . or Enter, or press ? or * to list all spells.
You don't have enough magic to cast this spell.
You hit the gnoll but do no damage.
The gnoll is almost dead.
The centaur shoots an arrow.
The arrow hits you but does no damage.
You hit the gnoll but do no damage.
The gnoll is almost dead.
The centaur shoots an arrow.
The arrow hits you but does no damage. The gnoll barely misses you.
The gnoll is distracted by your dazzling golden aura.
The gnoll shouts!
You hit the gnoll.
You kill the gnoll!
The centaur shoots an arrow.
The arrow hits you.
* * * LOW HITPOINT WARNING * * *
You cannot move.
The centaur shoots an arrow.
The arrow hits you but does no damage.
You barely miss the ogre. The ogre hits you with a +0 giant club!
* * * LOW HITPOINT WARNING * * *
The centaur shoots an arrow.
The arrow hits you.
You die...
Your body crumbles into a pile of gold.

##...##
##.....##
#.......###
#........c
#.......#
#.....# #...#
#♣# ####O# .
#..Zg#####....
#...$.$....#
#..?.#####(#
##.#.# #.#.#
#.#.# #.#.#


You could see an ogre, a centaur, a gnoll and a centaur zombie.

Vanquished Creatures
  An ogre (D:5)
  A howler monkey (D:5)
  An iguana (D:5)
  2 orc wizards (D:4)
  3 gnolls (D:5)
  6 adders
  3 worms
  A dart slug (D:4)
  3 orcs (D:4)
  3 endoplasms
  6 giant cockroaches
  16 goblins
  9 hobgoblins
  6 jackals (D:2)
  3 quokkas
  4 ball pythons
  4 bats
  5 frilled lizards
  A kobold (D:2)
  9 rats
87 creatures vanquished.

Notes
Turn   | Place    | Note
-------+----------+-------------------------------------------
     0 | D:1      | torgal the Human Conjurer began the quest for the Orb.
     0 | D:1      | Reached XP level 1. HP: 13/13 MP: 3/3
   412 | D:1      | Reached XP level 2. HP: 19/19 MP: 0/5
   539 | D:1      | Learned a level 2 spell: Searing Ray
   730 | D:1      | Found a faded altar of an unknown god.
   935 | D:1      | Prayed at the altar of an unknown god.
   935 | D:1      | Became a worshipper of Gozag Ym Sagoz the Greedy
  1132 | D:2      | Reached XP level 3. HP: 24/24 MP: 3/6
  2093 | D:2      | Reached XP level 4. HP: 30/30 MP: 7/7
  2097 | D:2      | Learned a level 1 spell: Magic Dart
  3083 | D:3      | Reached XP level 5. HP: 16/35 MP: 9/9
  3582 | D:4      | Reached skill level 1 in Short Blades
  3912 | D:4      | Learned a level 3 spell: Dazzling Flash
  4339 | D:4      | Found a staircase to the Ecumenical Temple.
  4451 | D:4      | Reached XP level 6. HP: 37/41 MP: 4/10
  5081 | D:5      | Entered Level 5 of the Dungeon
  5086 | D:5      | Noticed an ogre
  5091 | D:5      | Killed an ogre
  5115 | D:5      | Noticed an ogre
  5118 | D:5      | Reached skill level 5 in Conjurations
  5118 | D:5      | Reached XP level 7. HP: 18/46 MP: 1/12
  5126 | D:5      | HP: 2/69 [ogre (8)]
  5126 | D:5      | Shot with an arrow by a centaur

Illustrated notes

Levels and vault maps discovered:
D:1:      minmay_arrival_semitransparent, layout_rooms,
          hellmonk_ecumenical_altar_arch_garden, serial_park_tiny_2
D:2:      layout_loops_corners, minmay_tripent
D:3:      minmay_skewed_foursquare, layout_basic
D:4:      layout_layer_cave, minmay_temple_entry_stoned_glass
D:5:      layout_loops_ring, portal_sewer_entry_d

Skill      XL: |  1  2  3  4  5  6 |
---------------+-------------------+-----
Stealth        | 3 |  3.8
Short Blades   | 1 2 |  2.1
Dodging        | 3 |  3.6
Spellcasting   | 3 |  3.3
Conjurations   | 5 |  5.0

Action                   |  1- 3 |  4- 6 |  7- 9 || total
-------------------------+-------+-------+-------++-------
Melee: Unarmed           |    14 |       |       ||    14
       Dagger            |    38 |   115 |     5 ||   158
 Cast: Magic Dart        |    34 |       |       ||    34
       Searing Ray       |     8 |    30 |       ||    38
Invok: Potion Petition   |       |     1 |       ||     1
  Use: Scroll            |     3 |       |     1 ||     4
       Potion            |       |     5 |     2 ||     7
 Stab: Sleeping          |     2 |     4 |       ||     6
Armor: Robe              |    22 |    22 |       ||    44
       Skin              |       |    11 |     6 ||    17
Dodge: Dodged            |    53 |    73 |     1 ||   127

Table legend: (Time is in decaauts)
 A = Elapsed time spent in this place.
 B = Non-inter-level travel time spent in this place.
 C = Inter-level travel time spent in this place.
 D = Time resting spent in this place.
 E = Time spent auto-exploring this place.
 F = Levels seen in this place.
 G = Mean time per level.
                   A        B        C        D        E       F      G
               +--------+--------+--------+--------+--------+-----+--------+
         Total |   5106 |   5004 |    102 |    801 |   3265 |   5 | 1021.2 |
       Dungeon |   5106 |   5004 |    102 |    801 |   3265 |   5 | 1021.2 |
               +--------+--------+--------+--------+--------+-----+--------+

Top non-repeatable levels by time:
     D:3: 1456 daAuts
     D:2: 1379 daAuts
     D:4: 1283 daAuts
     D:1: 949 daAuts
     D:5: 37 daAuts
